12 | 0:00 | SCV | |
13 | 0:12 | SCV | |
14 | 0:17 | Supply Depot | |
14 | 0:24 | SCV | |
15 | 0:39 | SCV | |
15 | 0:40 | Barracks | |
16 | 0:45 | Refinery | |
16 | 0:51 | SCV | |
17 | 1:03 | SCV | |
18 | 1:15 | SCV | |
19 | 1:27 | Orbital Command | |
19 | 1:28 | Reaper | |
20 | 1:40 | Command Center | |
20 | 1:51 | Supply Depot | |
20 | 1:53 | SCV | |
21 | 2:01 | Barracks Reactor | |
21 | 2:05 | SCV | |
22 | 2:17 | SCV | |
22 | 2:20 | Command Center | |
23 | 2:29 | SCV | |
24 | 2:34 | Barracks | |
24 | 2:36 | Marine | |
25 | 2:37 | Marine | |
25 | 2:41 | SCV | |
27 | 2:52 | Orbital Command | |
27 | 2:53 | SCV | |
27 | 2:56 | Marine x2 | |
30 | 3:01 | Barracks | |
30 | 3:03 | Orbital Command | |
30 | 3:05 | SCV | |
31 | 3:14 | Marine x2 | |
31 | 3:19 | SCV | |
34 | 3:23 | Engineering Bay | |
34 | 3:24 | Barracks Tech Lab | |
34 | 3:29 | SCV | |
34 | 3:32 | SCV, Marine x2 | |
38 | 3:35 | Orbital Command | |
38 | 3:41 | SCV | |
39 | 3:44 | Marine | |
39 | 3:47 | Stimpack, Marine | |
41 | 3:49 | Marine | |
41 | 3:50 | Marine | |
41 | 3:52 | SCV | |
41 | 3:54 | SCV | |
45 | 3:57 | Missile Turret | |
45 | 3:59 | Terran Infantry Weapons Level 1 | |
45 | 4:02 | Marine | |
46 | 4:04 | Missile Turret | |
46 | 4:05 | SCV | |
46 | 4:06 | SCV | |
46 | 4:08 | SCV | |
49 | 4:11 | Marine x2 | |
49 | 4:12 | Marine | |
52 | 4:17 | Supply Depot | |
52 | 4:22 | SCV, Factory | |
52 | 4:24 | SCV | |
53 | 4:25 | SCV | |
53 | 4:26 | Refinery | |
53 | 4:29 | Marine x2 | |
56 | 4:31 | Marine | |
56 | 4:32 | Marine | |
56 | 4:35 | SCV | |
56 | 4:36 | SCV | |
56 | 4:37 | SCV | |
61 | 4:39 | Refinery | |
61 | 4:41 | Supply Depot | |
61 | 4:47 | SCV | |
61 | 4:48 | SCV | |
61 | 4:49 | Missile Turret | |
61 | 4:50 | Barracks Tech Lab, Marine x2 | |
65 | 4:54 | SCV | |
65 | 4:57 | Marine | |
65 | 4:59 | SCV | |
68 | 5:00 | SCV | |
68 | 5:05 | Supply Depot | |
68 | 5:06 | SCV, Factory Reactor | |
68 | 5:07 | Starport | |
70 | 5:10 | Marine x2 | |
70 | 5:11 | SCV | |
70 | 5:13 | Refinery | |
73 | 5:16 | SCV | |
73 | 5:18 | SCV | |
74 | 5:22 | Barracks | |
74 | 5:23 | Barracks, SCV | |
74 | 5:28 | Supply Depot, SCV | |
75 | 5:30 | SCV | |
75 | 5:33 | Concussive Shells, Combat Shield | |
76 | 5:38 | Marauder x2 | |
76 | 5:41 | Marine x2 | |
82 | 5:43 | SCV | |
83 | 5:51 | SCV | |
83 | 5:53 | Supply Depot, Factory Reactor | |
83 | 5:55 | SCV, Medivac | |
83 | 5:56 | Medivac, Orbital Command | |
89 | 6:03 | SCV | |
90 | 6:06 | Marauder | |
90 | 6:08 | Marine | |
90 | 6:10 | Marine | |
93 | 6:14 | SCV | |
93 | 6:15 | Marauder | |
93 | 6:16 | Supply Depot, Missile Turret | |
96 | 6:19 | Barracks Reactor, Barracks Tech Lab | |
96 | 6:20 | Terran Infantry Armor Level 1 | |
96 | 6:21 | SCV | |
96 | 6:23 | SCV | |
98 | 6:29 | Marine x2 | |
100 | 6:33 | Marauder | |
100 | 6:38 | Supply Depot, SCV x2, Marauder | |
105 | 6:40 | SCV | |
105 | 6:41 | Supply Depot | |
106 | 6:54 | Marauder x2, Marine x2 | |
105 | 6:57 | SCV x2 | |
105 | 6:59 | Medivac | |
105 | 7:00 | Widow Mine x2, Marauder | |
116 | 7:02 | Medivac | |
110 | 7:08 | Marine x2 | |
110 | 7:15 | Marauder | |
112 | 7:16 | Marauder | |
112 | 7:18 | SCV x3 | |
112 | 7:19 | Refinery | |
112 | 7:20 | Refinery | |
112 | 7:21 | Supply Depot, Widow Mine x2, Marauder | |
121 | 7:26 | Marine x2 | |
121 | 7:28 | Marine x2 | |
121 | 7:29 | Medivac | |
122 | 7:30 | Ghost Academy, SCV x2 | |
122 | 7:32 | SCV | |
125 | 7:39 | Medivac | |
125 | 7:40 | Marauder | |
125 | 7:43 | SCV | |
125 | 7:44 | SCV | |
131 | 7:45 | Armory | |
131 | 7:46 | Engineering Bay | |
131 | 7:48 | Supply Depot, Marauder x2, Marine | |
131 | 7:49 | Marine x3 | |
139 | 7:54 | Supply Depot | |
139 | 8:01 | Marauder | |
141 | 8:10 | SCV x3, Medivac x2 | |
148 | 8:16 | Supply Depot | |
148 | 8:18 | Ghost | |
150 | 8:20 | Supply Depot, Command Center, Ghost | |
150 | 8:23 | Ghost | |
153 | 8:27 | Marine | |
153 | 8:28 | Marine x3 | |
153 | 8:30 | Enhanced Shockwaves | |
155 | 8:47 | Marauder | |
157 | 8:49 | Barracks, Marauder | |
157 | 8:51 | Barracks x2 | |
157 | 8:52 | Marauder, Starport | |
157 | 8:56 | SCV x2 | |
157 | 9:00 | SCV | |
135 | 9:06 | Marine x2 | |
135 | 9:08 | SCV x2, Marauder, Marine x2 | |
121 | 9:10 | Widow Mine x2 | |
121 | 9:11 | Medivac, Marauder | |
121 | 9:12 | SCV | |
121 | 9:15 | Terran Infantry Armor Level 2 | |
121 | 9:16 | Marauder | |
132 | 9:17 | Terran Infantry Weapons Level 2 | |
132 | 9:20 | SCV | |
133 | 9:24 | Marine x2 | |
133 | 9:30 | Marauder | |
133 | 9:31 | SCV x2 | |
133 | 9:32 | SCV, Widow Mine x2, Marauder | |
142 | 9:38 | Missile Turret | |
142 | 9:40 | Barracks Reactor, Barracks Tech Lab | |
142 | 9:42 | Barracks Reactor, Marauder, Marine x2 | |
142 | 9:45 | Starport Reactor | |
146 | 9:51 | Marauder | |
148 | 9:53 | Barracks Tech Lab | |
148 | 9:54 | Marauder | |
148 | 9:57 | Marine x2 | |
152 | 10:00 | Orbital Command, Marine x2 | |
152 | 10:03 | Marauder | |
156 | 10:12 | Ghost x2 | |
156 | 10:13 | Marauder | |
162 | 10:15 | Terran Ship Weapons Level 1, Marauder | |
162 | 10:17 | Command Center | |
164 | 10:24 | Marauder, Marine x2 | |
164 | 10:25 | Marine x4 | |
164 | 10:27 | Medivac x2, Widow Mine x2 | |
180 | 10:30 | Medivac x2 | |
180 | 10:33 | Marine | |
185 | 10:43 | Marauder | |
187 | 10:57 | Supply Depot x2, Command Center | |
187 | 11:11 | Medivac | |
187 | 11:14 | Marauder | |
187 | 11:17 | Marine | |
187 | 11:18 | Marine x2, Ghost x2 | |
188 | 11:19 | Marauder x2, Marine x2 | |
188 | 11:20 | Command Center | |
167 | 11:34 | Ghost | |
167 | 11:35 | Marine x2 | |
167 | 11:36 | Marine | |
167 | 11:39 | Ghost | |
164 | 11:40 | Marauder | |
164 | 11:41 | Marine x3 | |
164 | 11:44 | Refinery | |
164 | 11:46 | Refinery | |
167 | 11:47 | Widow Mine x2, Marauder x2 | |
167 | 11:50 | Terran Infantry Weapons Level 3 | |
167 | 11:51 | Orbital Command | |
167 | 11:53 | Marine x2 | |
177 | 11:54 | Marine | |
177 | 11:59 | Marine | |
179 | 12:01 | Marauder | |
179 | 12:03 | Missile Turret, Ghost | |
179 | 12:04 | Missile Turret x2 | |
183 | 12:09 | Marauder x3 | |
178 | 12:20 | Marine x2 | |
178 | 12:21 | Marine | |
178 | 12:22 | Ghost | |
164 | 12:24 | Marine x2 | |
164 | 12:29 | Marine, Ghost x2 | |
169 | 12:30 | Marauder | |
169 | 12:32 | Marauder | |
169 | 12:35 | Missile Turret | |
177 | 12:38 | Marine x2 | |
177 | 12:39 | Marine | |
177 | 12:40 | Sensor Tower | |
177 | 12:41 | Terran Infantry Armor Level 3 | |
177 | 12:42 | Marine | |
179 | 12:46 | Marine | |
179 | 12:47 | Marine | |
185 | 12:51 | Marauder x2 | |
185 | 12:54 | Marauder | |
185 | 12:56 | Marine x2 | |
185 | 12:57 | Marine | |
194 | 12:58 | Marauder x2 | |
194 | 12:59 | Marine | |
194 | 13:04 | Marine | |
194 | 13:05 | Marine | |
197 | 13:10 | Medivac | |
197 | 13:11 | Medivac, Widow Mine | |
199 | 13:14 | Command Center, Marine | |
200 | 13:28 | Ghost | |
200 | 13:29 | Ghost | |
200 | 13:31 | Marauder, Ghost | |
200 | 13:32 | Marine | |
200 | 13:33 | Marine, Ghost | |
198 | 13:35 | Marine x2 | |
198 | 13:36 | Marine | |
198 | 13:38 | Reaper | |
159 | 13:50 | Marine x2 | |
159 | 13:51 | Ghost | |
159 | 13:52 | Medivac | |
159 | 13:53 | Marine | |
159 | 13:54 | Medivac | |
164 | 13:57 | Ghost x2 | |
164 | 13:59 | Medivac | |
164 | 14:01 | Marauder | |
164 | 14:02 | Marauder | |
174 | 14:03 | Orbital Command x2 | |
174 | 14:06 | Marine x2 | |
174 | 14:08 | Terran Ship Weapons Level 2, Marine | |
177 | 14:12 | Medivac | |
177 | 14:20 | Marauder | |
177 | 14:21 | Marine | |
177 | 14:22 | Marauder | |
177 | 14:24 | Marauder, Marine x4 | |
159 | 14:26 | Medivac x2, Marauder | |
159 | 14:27 | Marauder | |
159 | 14:28 | Marine | |
153 | 14:38 | Marine | |
153 | 14:42 | Viking x2, Marauder, Marine x4 | |
153 | 14:43 | Marauder | |
153 | 14:45 | Marauder | |
163 | 14:46 | Marine | |
163 | 14:48 | Marauder x2 | |
168 | 14:56 | Marine | |
168 | 14:59 | Marine x2 | |
169 | 15:00 | Marine x2 | |
169 | 15:03 | Marauder | |
169 | 15:05 | Marauder, Marine | |
169 | 15:06 | Marauder | |
180 | 15:09 | Marauder x2 | |
180 | 15:14 | Medivac x2, Marine | |
186 | 15:16 | Widow Mine x2 | |
186 | 15:17 | Marine x2 | |
186 | 15:18 | Marine x2 | |
186 | 15:20 | Planetary Fortress | |
197 | 15:23 | Marine | |
197 | 15:25 | Marauder | |
196 | 15:31 | Marauder x2, Ghost x2 | |
196 | 15:32 | Marine | |
195 | 15:38 | Marine x2 | |
185 | 15:46 | Marauder | |
185 | 15:48 | Marine x2 | |
185 | 15:49 | Marine | |
171 | 15:50 | Marine | |
171 | 15:51 | Medivac | |
171 | 15:52 | Marauder x2 | |
171 | 15:56 | Marine x2 | |
161 | 15:59 | Widow Mine x2 | |
161 | 16:00 | Ghost x2 | |
167 | 16:06 | Marine x2, Ghost | |
167 | 16:07 | Marine x2 | |
165 | 16:11 | Refinery | |
165 | 16:12 | Refinery, Ghost | |
165 | 16:13 | Marauder | |
165 | 16:14 | Marine x2 | |
165 | 16:15 | Missile Turret x2 | |
171 | 16:19 | Medivac x3 | |
171 | 16:21 | Widow Mine x2 | |
171 | 16:24 | Marine x2 | |
183 | 16:28 | Marine x2 | |
183 | 16:29 | Marauder x2 | |
183 | 16:31 | Marine | |
183 | 16:32 | Marine | |
191 | 16:35 | Marauder | |
191 | 16:36 | Marauder | |
195 | 16:42 | Marauder | |
189 | 16:49 | Marine x2 | |
189 | 16:50 | Widow Mine, Ghost x2 | |
189 | 16:52 | Widow Mine | |
199 | 16:55 | Ghost | |
199 | 16:56 | Ghost | |
199 | 16:59 | Marine x4 | |
178 | 17:03 | Marauder | |
178 | 17:06 | Marine x2 | |
178 | 17:07 | Medivac x2 | |
179 | 17:17 | Marine x4 | |
179 | 17:18 | Ghost | |
179 | 17:19 | Marauder | |
179 | 17:20 | Medivac | |
189 | 17:23 | Barracks | |
189 | 17:24 | Barracks x2, Marine x2, Ghost x2 | |
189 | 17:25 | Barracks | |
189 | 17:26 | Marauder | |
189 | 17:29 | Refinery | |
197 | 17:30 | Medivac | |
197 | 17:35 | Marine | |
200 | 17:44 | Terran Ship Weapons Level 3 | |
198 | 17:52 | Ghost | |
200 | 18:10 | Marauder x2 | |
200 | 18:12 | Marine, Ghost x2 | |
197 | 18:13 | Marine | |
197 | 18:15 | Marine x2 | |
197 | 18:19 | Marine x2 | |
184 | 18:21 | Ghost | |
184 | 18:23 | Widow Mine | |
184 | 18:24 | Widow Mine | |
177 | 18:30 | Marine x2, Ghost x2 | |
177 | 18:32 | Marine | |
177 | 18:33 | Marine | |
179 | 18:36 | Marine | |
179 | 18:37 | Marine | |
179 | 18:40 | Ghost | |
180 | 18:41 | Marauder | |
180 | 18:45 | Widow Mine x2 | |
180 | 18:48 | Marine x2 | |
179 | 18:49 | Ghost | |
179 | 18:50 | Marine x2 | |
179 | 18:54 | Marine x2 | |
184 | 18:59 | Ghost | |
184 | 19:00 | Medivac x4, Marauder | |
184 | 19:03 | Marauder | |
184 | 19:05 | Barracks Tech Lab | |
184 | 19:06 | Widow Mine x2, Barracks Tech Lab x3, Marine x2 | |
184 | 19:08 | Marine x2 | |
192 | 19:10 | Marauder | |
192 | 19:12 | Marine x2 | |
194 | 19:19 | Marauder | |
194 | 19:20 | Ghost | |
194 | 19:23 | Ghost | |
200 | 19:30 | Command Center, Refinery | |
200 | 19:32 | Command Center | |
200 | 19:43 | Marauder | |
199 | 19:47 | Marine x2 | |
199 | 19:50 | Marine x4 | |
199 | 19:51 | Marauder, Ghost x2 | |
199 | 19:52 | Marine x2 | |
192 | 19:53 | Marauder x2 | |
192 | 19:54 | Widow Mine x2, Marine | |
176 | 20:04 | Marine | |
176 | 20:05 | Marine x2 | |
175 | 20:09 | Ghost x2 | |
175 | 20:12 | Marauder | |
175 | 20:13 | Marauder | |
183 | 20:15 | Widow Mine x2 | |
183 | 20:18 | Viking x3, Marauder x2 | |
183 | 20:19 | Viking | |
183 | 20:20 | Ghost | |
199 | 20:22 | Terran Vehicle And Ship Armor Level 1 | |
194 | 20:36 | Widow Mine | |
194 | 20:37 | Widow Mine | |
189 | 20:44 | Ghost x2 | |
189 | 20:47 | Ghost | |
189 | 20:48 | Viking | |
191 | 20:50 | Ghost x2 | |
191 | 20:51 | Ghost | |
191 | 20:55 | Marine x2 | |
191 | 20:56 | Marine x3 | |
191 | 20:57 | Marine | |
183 | 20:58 | Viking x2 | |
175 | 21:07 | Marine x3 | |
175 | 21:09 | Orbital Command | |
178 | 21:11 | Medivac | |
178 | 21:12 | Marine | |
178 | 21:18 | Medivac | |
183 | 21:28 | Medivac | |
183 | 21:31 | Marine, Ghost x2 | |
183 | 21:32 | Marine x4 | |
185 | 21:33 | Marine | |
185 | 21:35 | Marine x2 | |
185 | 21:39 | Missile Turret | |
189 | 21:54 | Planetary Fortress | |
189 | 22:01 | Medivac x4 | |
193 | 22:03 | Marine x3 | |
200 | 22:08 | Missile Turret | |
200 | 22:09 | Missile Turret | |
200 | 22:10 | Missile Turret | |
196 | 22:27 | Ghost | |
196 | 22:29 | Missile Turret | |
194 | 22:30 | Missile Turret, Marine x2 | |
194 | 22:32 | Marauder | |
194 | 22:33 | Marine | |
194 | 22:34 | Marine | |
194 | 22:35 | Marauder x2 | |
194 | 22:36 | Marauder x2 | |
199 | 22:37 | Marauder | |
199 | 22:49 | Marauder x2 | |
199 | 22:52 | Missile Turret | |
199 | 22:55 | Missile Turret | |
199 | 22:57 | Missile Turret | |
197 | 22:59 | Sensor Tower | |
194 | 23:12 | Marine x2 | |
196 | 23:13 | Marine x4 | |
196 | 23:17 | Missile Turret | |
196 | 23:19 | Missile Turret | |
200 | 23:22 | Missile Turret | |
200 | 23:24 | Missile Turret x2 | |
200 | 23:25 | Missile Turret | |
200 | 23:26 | Missile Turret | |
194 | 23:27 | Marine x2 | |
194 | 23:29 | Marauder x2, Marine x3 | |
194 | 23:32 | Liberator x4 | |
194 | 23:33 | Marauder x2 | |
194 | 23:34 | Marine x3 | |
181 | 23:42 | Marine x2 | |
181 | 23:46 | Marauder x2 | |
181 | 23:47 | Marauder x2, Ghost | |
193 | 23:49 | Ghost x2 | |
193 | 23:52 | Marine | |
193 | 23:53 | Marine, Ghost | |
189 | 23:59 | Marine | |
189 | 24:00 | Marine | |
181 | 24:03 | Marauder | |
181 | 24:05 | Widow Mine x2, Marine | |
181 | 24:06 | Marine | |
181 | 24:07 | Marauder, Marine | |
181 | 24:08 | Marine, Ghost | |
186 | 24:16 | Marauder | |
184 | 24:18 | Marauder | |
184 | 24:19 | Marauder | |